 Dungeon Crawl Stone Soup version 0.30-a0-739-gea05faddec (webtiles) character file.

Game seed: 287048639030174573

461 Aldia the Slasher (level 7, -9/52 HPs)
             Began as a Gnoll Wanderer on Feb 4, 2023.
             Was an Initiate of Hepliaklqana.
             Mangled by Duvessa
             ... wielding a +0 short sword
              (16 damage)
             ... on level 4 of the Dungeon.
             The game lasted 00:06:32 (2790 turns).

Aldia the Slasher (Gnoll Wanderer)                  Turns: 2790, Time: 00:06:32

Health: -9/52      AC:  4    Str: 15    XL:     7   Next: 7%
Magic:  15/15      EV: 12    Int: 11    God:    Hepliaklqana [......]
Gold:   96         SH:  0    Dex: 17    Spells: 13/17 levels left

rFire   . . .      SeeInvis .    a - +2 falchion (elec)
rCold   . . .      Faith    .    (no shield)
rNeg    . . .      Spirit   .    u - +1 leather armour of the Nexus {Dex+7}
rPois   .          Reflect  .    (no helmet)
rElec   .          Harm     .    (no cloak)
rCorr   .          Rampage  .    (no gloves)
Will    .....                    (no boots)
Stlth   ++                       (no amulet)
HPRegen 0.28/turn                (no ring)
MPRegen 0.14/turn                (no ring)

@: mighty
A: fangs 1, strong nose, distributed training
a: Renounce Religion


You were on level 4 of the Dungeon.
You worshipped Hepliaklqana.
Hepliaklqana was noncommittal.
You visited 1 branch of the dungeon, and saw 4 of its levels.

You collected 96 gold pieces.

Inventory:

Hand Weapons
 a - a +2 falchion of electrocution (weapon)
 m - a +0 long sword
Armour
 b - a +1 scale mail
 u - the +1 leather armour of the Nexus (worn) {Dex+7}
   (You found it on level 3 of the Dungeon)

   Dex:       It affects your dexterity (+7).
Jewellery
 r - an amulet of magic regeneration
Wands
 f - a wand of flame (18)
 s - a wand of digging (8)
Scrolls
 g - 2 scrolls of teleportation
 n - a scroll of amnesia
 w - a scroll of poison
Potions
 c - a potion of might
 d - 5 potions of curing
 e - a potion of magic {unknown}
 j - 2 potions of cancellation {unknown}
 l - a potion of berserk rage {unknown}
 o - a potion of degeneration {unknown}
 p - a potion of haste {unknown}
 t - a potion of brilliance {unknown}


   Skills:
 + Level 3.5 Fighting
 + Level 2.3 Short Blades
 + Level 7.0 Long Blades
 + Level 2.3 Axes
 + Level 2.3 Maces & Flails
 + Level 2.3 Polearms
 + Level 2.3 Staves
 + Level 2.3 Ranged Weapons
 + Level 2.3 Throwing
 + Level 3.5 Armour
 + Level 2.3 Dodging
 + Level 3.3 Stealth
 + Level 2.3 Shields
 + Level 2.3 Unarmed Combat
 + Level 5.5 Spellcasting
 + Level 1.9 Conjurations
 + Level 1.9 Hexes
 + Level 4.2 Summonings
 + Level 1.9 Necromancy
 + Level 1.9 Translocations
 + Level 1.9 Transmutations
 + Level 1.9 Fire Magic
 + Level 1.9 Ice Magic
 + Level 1.9 Air Magic
 + Level 1.9 Earth Magic
 + Level 1.9 Poison Magic
 + Level 2.5 Invocations
 + Level 2.3 Evocations


You had 13 spell levels left.
You knew the following spells:

 Your Spells              Type           Power      Damage    Failure   Level
a - Summon Small Mammal   Summ           48%        N/A       4%          1
b - Summon Guardian Gole  Hex/Summ       9%         N/A       22%         3

Your spell library contained the following spells:

 Spells                   Type           Power      Damage    Failure   Level


Dungeon Overview and Level Annotations

Branches:
Dungeon (4/15)
 Temple: D:4-7

Altars:
Hepliaklqana
Ru

Shops:
D:4 *

Annotations:
D:4 Duvessa, Natasha


Innate Abilities, Weirdness & Mutations

You have very sharp teeth.
Your uncanny sense of smell can sniff out nearby items.
Your experience applies equally to all skills.


Message History

There is an entrance to Xuscharakh's Gadget Gallery here.
Natasha, Servant of Life and Death comes into view.
You completely miss the iguana. You bite the iguana, but do no damage.
The iguana misses you.
Duvessa shouts!
You hit the iguana.
The iguana is moderately wounded.
Duvessa goes berserk!
The iguana bites you!
You slash the iguana!
The iguana is almost dead.
An endoplasm comes into view.
The iguana barely misses you.
The endoplasm quivers.
You hit the iguana.
The iguana is almost dead.
The iguana bites you but does no damage.
Natasha casts a spell.
You hit the iguana. Lightning courses through the iguana!
You kill the iguana!
Your Long Blades skill increases to level 7!
You hit Duvessa but do no damage. Lightning courses through Duvessa!
Duvessa is moderately wounded.
The white imp shouts, "Get thee gone, thou bumbling nut-hook tinkerer!"
Duvessa hits you with a +0 short sword!
You feel very mighty all of a sudden. Duvessa misses you.
The white imp shouts, "Scamper hence, thou craven dread-bolted baggage!"
Duvessa hits you with a +0 short sword!
* * * LOW HITPOINT WARNING * * *
You hit Duvessa.
Duvessa is heavily wounded.
Duvessa hits you with a +0 short sword!
* * * LOW HITPOINT WARNING * * *
You hit Duvessa but do no damage.
Duvessa is moderately wounded.
Duvessa barely misses you.
Natasha stares at you and mumbles some strange words.
The magic dart hits you but does no damage.
Duvessa hits you with a +0 short sword!
You die...

,,* *,,* ***,.....# #.........
,,* *,,*****,,,#...#* #.........
,,* *,,,**,,,**#..#* ##.........
,** **,,,,,***##.## #..........
,* **,,,,**####...#####.........#
,***,,,,,.##....∩.....).........#
,,*,,,,......##...####.......##..
,,,,,,,...$..5##.## #.......###.
,,,,,,,.......h.@#* #......## *.
,,,,,,,........Je.#* #...#..# *.
,,,,,,,............# ##.##.## *#
*,,,,,,............#* ###..# *
*,,,,,,,............* *#.## *
*,,,,,,,............#* *,** *
*,,,,,,,,............***,* *
*,,,,,,,,...........##*,**
*,,,,,,,,,,,,,,,,,,,**,,*


You could see Duvessa (berserk), Natasha, a white imp (summoned) and an
endoplasm.

Vanquished Creatures
  Grinder (D:4)
  Dowan (D:4)
  An iguana (D:4)
  Jessica (D:3)
  Terence (D:3)
  Natasha (D:4)
  2 adders (D:3)
  An ufetubus (D:3)
  A worm (D:3)
  3 dart slugs
  9 orcs
  8 endoplasms
  3 giant cockroaches
  3 goblins
  8 hobgoblins
  5 kobolds
  5 quokkas
  5 ball pythons
  6 bats
  3 frilled lizards
  8 rats
76 creatures vanquished.

Notes
Turn   | Place    | Note
-------+----------+-------------------------------------------
     0 | D:1      | Aldia the Gnoll Wanderer began the quest for the Orb.
     0 | D:1      | Aldia set off with the following items: a +2 falchion, a +0
                  | scale mail, a potion of might; and the following spell
                  | memorised: Summon Small Mammal; and the following spells
                  | available to memorise: Summon Guardian Golem.
     0 | D:1      | Reached XP level 1. HP: 17/17 MP: 6/6
    74 | D:1      | Reached XP level 2. HP: 23/23 MP: 7/7
   342 | D:1      | Reached skill level 5 in Spellcasting
   342 | D:1      | Reached XP level 3. HP: 28/28 MP: 7/9
   727 | D:2      | Reached skill level 1 in Invocations
   943 | D:2      | Reached skill level 1 in Short Blades
   943 | D:2      | Reached skill level 1 in Axes
   943 | D:2      | Reached skill level 1 in Maces & Flails
   943 | D:2      | Reached skill level 1 in Polearms
   943 | D:2      | Reached skill level 1 in Staves
   943 | D:2      | Reached skill level 1 in Ranged Weapons
   943 | D:2      | Reached skill level 1 in Throwing
   943 | D:2      | Reached skill level 1 in Dodging
   943 | D:2      | Reached skill level 1 in Shields
   943 | D:2      | Reached skill level 1 in Unarmed Combat
   943 | D:2      | Reached skill level 1 in Evocations
  1425 | D:3      | Learned a level 3 spell: Summon Guardian Golem
  1429 | D:3      | Reached XP level 4. HP: 34/34 MP: 11/11
  1568 | D:3      | Found a sacrificial altar of Ru.
  1584 | D:3      | Became a worshipper of Ru the Awakened
  1694 | D:3      | Reached skill level 1 in Conjurations
  1694 | D:3      | Reached skill level 1 in Hexes
  1694 | D:3      | Reached skill level 1 in Necromancy
  1694 | D:3      | Reached skill level 1 in Translocations
  1694 | D:3      | Reached skill level 1 in Transmutations
  1694 | D:3      | Reached skill level 1 in Fire Magic
  1694 | D:3      | Reached skill level 1 in Ice Magic
  1694 | D:3      | Reached skill level 1 in Air Magic
  1694 | D:3      | Reached skill level 1 in Earth Magic
  1694 | D:3      | Reached skill level 1 in Poison Magic
  1712 | D:3      | Noticed Jessica
  1718 | D:3      | Killed Jessica
  1749 | D:3      | Noticed Terence
  1759 | D:3      | Killed Terence
  1760 | D:3      | Reached XP level 5. HP: 20/40 MP: 12/12
  2035 | D:3      | Identified the +1 leather armour of the Nexus {Dex+7}
  2534 | D:4      | Noticed Grinder
  2549 | D:4      | Paralysed by Grinder for 3 turns
  2562 | D:4      | Killed Grinder
  2563 | D:4      | Reached XP level 6. HP: 27/47 MP: 11/14
  2580 | D:4      | Found a hazy altar of Hepliaklqana.
  2585 | D:4      | Fell from the grace of Ru
  2585 | D:4      | Became a worshipper of Hepliaklqana the Forgotten
  2660 | D:4      | Noticed Natasha
  2665 | D:4      | Killed Natasha
  2699 | D:4      | Found Xuscharakh's Gadget Gallery.
  2702 | D:4      | Noticed Dowan
  2703 | D:4      | Noticed Duvessa
  2727 | D:4      | Killed Dowan
  2728 | D:4      | Reached XP level 7. HP: 41/52 MP: 15/15
  2776 | D:4      | Noticed Natasha
  2787 | D:4      | Reached skill level 7 in Long Blades
  2790 | D:4      | Mangled by Duvessa

Illustrated notes

Levels and vault maps discovered:
D:1:      wheals_arrival_linesprint, layout_rooms
D:2:      layout_basic, minmay_pentomino_p2
D:3:      layout_basic, mainiacjoe_overflow_boulevard, minivault_24,
          uniq_jessica, uniq_terence
D:4:      mumra_celtic_spiral_tile, layout_cave_pods,
          mainiacjoe_overflow_24_doors, nicolae_shop_gadgets, uniq_eustachio,
          uniq_natasha, uniq_duvessa, uniq_sigmund, uniq_grinder

Skill      XL: |  1  2  3  4  5  6  7 |
---------------+----------------------+-----
Spellcasting   | 5 |  5.5
Invocations    | 1 2 |  2.5
Short Blades   | 1 2 |  2.3
Axes           | 1 2 |  2.3
Maces & Flails | 1 2 |  2.3
Polearms       | 1 2 |  2.3
Staves         | 1 2 |  2.3
Ranged Weapons | 1 2 |  2.3
Throwing       | 1 2 |  2.3
Dodging        | 1 2 |  2.3
Shields        | 1 2 |  2.3
Unarmed Combat | 1 2 |  2.3
Evocations     | 1 2 |  2.3
Conjurations   | 1 |  1.9
Hexes          | 1 |  1.9
Necromancy     | 1 |  1.9
Translocations | 1 |  1.9
Transmutations | 1 |  1.9
Fire Magic     | 1 |  1.9
Ice Magic      | 1 |  1.9
Air Magic      | 1 |  1.9
Earth Magic    | 1 |  1.9
Poison Magic   | 1 |  1.9
Fighting       | 3 |  3.5
Armour         | 3 |  3.5
Summonings     | 4 |  4.2
Stealth        | 3 |  3.3
Long Blades    | 7 |  7.0

Action                     |  1- 3 |  4- 6 |  7- 9 || total
---------------------------+-------+-------+-------++-------
  Melee: Falchion          |   102 |    98 |    11 ||   211
         Bite              |     6 |     4 |     2 ||    12
         Punch             |     2 |     4 |       ||     6
   Cast: Summon Small Mamm |       |     2 |       ||     2
    Use: Scroll            |     2 |     7 |       ||     9
         Potion            |       |       |     1 ||     1
   Stab: Sleeping          |       |     1 |       ||     1
 Armour: Scale mail        |    49 |    22 |       ||    71
         Leather armour    |       |    11 |     4 ||    15
  Dodge: Dodged            |    44 |    38 |     4 ||    86

Table legend: (Time is in decaauts)
 A = Elapsed time spent in this place.
 B = Non-inter-level travel time spent in this place.
 C = Inter-level travel time spent in this place.
 D = Time resting spent in this place.
 E = Time spent auto-exploring this place.
 F = Levels seen in this place.
 G = Mean time per level.
                   A        B        C        D        E       F      G
               +--------+--------+--------+--------+--------+-----+--------+
         Total |   2782 |   2685 |     97 |    146 |   1963 |   4 |  695.5 |
       Dungeon |   2782 |   2685 |     97 |    146 |   1963 |   4 |  695.5 |
               +--------+--------+--------+--------+--------+-----+--------+

Top non-repeatable levels by time:
     D:3: 973 daAuts
     D:2: 712 daAuts
     D:1: 703 daAuts
     D:4: 393 daAuts
